 Dungeon Crawl Stone Soup version 0.31-a0-149-g3fdcc5976a (webtiles) character file.

Game seed: 1712520399493507864

9974 holysushi the Skirmisher (level 11, -1/57 HPs)
             Began as a Tengu Air Elementalist on June 8, 2023.
             Was the Champion of Okawaru.
             Killed from afar by a lindwurm (32 damage)
             ... with a blast of flame
             ... on level 1 of the Lair of Beasts on June 14, 2023.
             The game lasted 00:21:30 (11159 turns).

holysushi the Skirmisher (Tengu Air Elementalist)  Turns: 11159, Time: 00:21:31

Health: -1/57      AC:  5    Str:  8    XL:     11   Next: 54%
Magic:  15/15      EV: 21    Int: 16    God:    Okawaru [******]
Gold:   527        SH:  0    Dex: 19    Spells: 4/14 levels left

rFire   . . .        a - +27 heavy crossbow "Sniper" {heavy, Acc+∞ SInv}
rCold   . . .        (shield currently unavailable)
rNeg    . . .        o - +0 robe {Archmagi}
rPois   .            (helmet restricted)
rElec   .            f - +0 cloak
rCorr   .            s - +1 pair of gloves
SInv    +            (boots unavailable)
Will    .....        k - amulet of magic regeneration
Stlth   ++           (no ring)
HPRegen 0.29/turn    (no ring)
MPRegen 0.54/turn

%: archmagi
@: about to teleport, flying quickly and evasively, hasted, very quick
A: beak, talons 3, nimble flight
a: Renounce Religion, Heroism, Finesse, Duel


You were on level 1 of the Lair of Beasts.
You worshipped Okawaru.
Okawaru was exalted by your worship.
You visited 3 branches of the dungeon, and saw 11 of its levels.

You collected 527 gold pieces.

Inventory:

Hand Weapons
 a - the +27 heavy crossbow "Sniper" (weapon) {heavy, Acc+∞ SInv}
   (You acquired it on level 6 of the Dungeon)

   Acc+∞: It never misses its target.
   SInv:      It lets you see invisible.
 w - a +7 short sword
Armour
 f - a +0 cloak (worn)
 o - a +0 robe of the Archmagi (worn)
 s - a +1 pair of gloves (worn)
 t - a +2 leather armour of willpower
 u - the +1 leather armour "Nevynyl" {rC- Int+7}
   (You found it on level 5 of the Dungeon)

   Int:       It affects your intelligence (+7).
   rC:        It makes you vulnerable to cold.
Magical Staves
 b - a staff of air
Jewellery
 k - an amulet of magic regeneration (around neck)
Wands
 h - a wand of quicksilver (8)
 x - a wand of polymorph (18)
 D - a wand of flame (4)
Scrolls
 c - 2 scrolls of teleportation
 p - 2 scrolls of poison
 v - a scroll of noise
 y - a scroll of enchant weapon
 z - a scroll of vulnerability
 A - a scroll of magic mapping
 C - a scroll of fog
Potions
 d - 2 potions of might
 e - 2 potions of ambrosia
 g - 3 potions of haste
 j - a potion of mutation
 l - a potion of attraction
 m - a potion of cancellation
 n - a potion of invisibility
 q - 3 potions of curing
 r - 2 potions of magic
 B - a potion of brilliance
 E - a potion of resistance {unknown}


   Skills:
 - Level 2.0 Fighting
 - Level 4.0 Staves
 + Level 14.0 Ranged Weapons
 - Level 8.8 Dodging
 - Level 2.0 Stealth
 - Level 2.0 Spellcasting
 - Level 3.0 Conjurations
 - Level 8.4 Air Magic
 + Level 4.5 Invocations
 - Level 2.0 Evocations


You had 4 spell levels left.
You knew the following spells:

 Your Spells              Type           Power      Damage    Failure   Level
a - Shock                 Conj/Air       100%       1d9       1%          1
b - Static Discharge      Conj/Air       58%        2-5/arc   3%          2
c - Mephitic Cloud        Conj/Pois/Air  20%        N/A       13%         3
d - Airstrike             Air            21%        2d(3-19)  6%          4

Your spell library contained the following spells:

 Spells                   Type           Power      Damage    Failure   Level
 Swiftness                Air            42%        N/A       1%          3
 Poisonous Vapours        Pois/Air       44%        N/A       5%          2
 Kiss of Death            Conj/Necr      36%        2d8       11%         1
 Sting                    Tmut/Pois      8%         1d3       21%         1
 Confusing Touch          Hex            2%         N/A       52%         3
 Gell's Gravitas          Tloc           2%         N/A       52%         3
 Teleport Other           Tloc           2%         N/A       52%         3
 Dispel Undead            Necr           2%         3d7       90%         4
 Olgreb's Toxic Radiance  Pois           2%         N/A       90%         4
 Freezing Cloud           Conj/Ice/Air   10%        6-21      77%         5
 Dispersal                Tloc           1%         N/A       100%        6


Dungeon Overview and Level Annotations

Branches:
Dungeon (9/15) Zot: 26037  Temple (1/1) D:5 Zot: 5907    Lair (1/5) D:8 Zot: 4946
    Orc: D:9-12

Altars:
Ashenzari
Cheibriados
Dithmenos
Fedhas
Hepliaklqana
Makhleb
Nemelex Xobeh
Okawaru
Qazlal
Ru
Uskayaw
Vehumet
Wu Jian
Xom
Yredelemnul
The Shining One

Shops:
D:5 :

Annotations:
D:8 exclusion: downstairs
Lair:1 6 runed translucent doors, Jovyluot's ghost, journeyman HOFi


Innate Abilities, Weirdness & Mutations

You have a beak for a mouth.
You have claws for feet.
Your magical nature lets you fly swiftly and evasively.


Message History

Memorise Mephitic Cloud, consuming 3 spell levels and leaving 4?
You start memorising the spell.
You continue memorising. x3
You finish memorising.
Spell assigned to 'c'.
Casting: Shock (safe; 1% risk of failure)
Confirm with . or Enter, or press ? or * to list all spells.
Okay, then.
There is an escape hatch in the floor here.
You reach down and open the gate.
The minotaur throws a silver javelin.
The silver javelin pierces through you!
The minotaur throws a silver javelin.
The silver javelin misses you.
As you read the scroll of teleportation, it crumbles to dust.
You feel strangely unstable.
The minotaur throws a silver javelin.
The silver javelin barely misses you.
The minotaur hits the plant!
The plant begins to die.
The minotaur gores the plant!
Your surroundings suddenly seem different. 2 lindwurms and a lava snake come into view.
Found 17 gold pieces, a dented amethyst amulet and a scroll of teleportation.
The wolf spider's many legs skitter.
The lava snake hisses angrily.
The lindwurm bites you! The lindwurm closely misses you.
The lindwurm misses you.
The lindwurm roars!
As you read the scroll of teleportation, it crumbles to dust.
You feel strangely unstable. The lindwurm bites you! The lindwurm claws you.
* * * LOW HITPOINT WARNING * * *
The lindwurm misses you. The lindwurm bites you.
* * * LOW HITPOINT WARNING * * *
The lindwurm claws you.
* * * LOW HITPOINT WARNING * * *
The lindwurm barely misses you.
It was a potion of heal wounds.
You feel much better. The lindwurm closely misses you.
The lindwurm claws you but does no damage.
The lindwurm claws you. The lindwurm bites you.
The lindwurm completely misses you. The lindwurm closely misses you.
You feel yourself speed up. The lindwurm breathes flames at you.
The blast of flame hits you!!
Ouch! That really hurt!
You die...

###.#P#..##.#..#####........#
# # ############## ####†....#
## #......## # P#
#.......#### ## ##..........
#### # ###### #...........
#P8# ###B#§§§≈# ##..........
.# #.+.+..?8# #..†....... ##
#s+.+^@$"# #.......... .#
#..+.+kk.8# #.......... ##
#.##.#§S○§# ##†#####.### P# #
###### #...# ### # .# ##.## #
## #..# ## .# ##.# #P .#
###################..# ##
####..#.#...#.#...#.#...# #


You could see a boulder beetle (asleep), a wolf spider, 2 lindwurms and a lava
snake.

Vanquished Creatures
  Pikel (D:8)
  An ice statue (D:8)
  2 cane toads (Lair:1)
  2 rime drakes
  A komodo dragon (Lair:1)
  6 ice devils (D:8)
  A hornet (D:7)
  6 blink frogs (Lair:1)
  4 yaks (Lair:1)
  Eustachio (D:4)
  A steam dragon (D:8)
  7 water moccasins
  A sky beast (D:8)
  5 ice beasts (D:8)
  An ogre (D:6)
  A black bear (Lair:1)
  4 wolves (D:8)
  2 lemures (D:8)
  A centaur (D:8)
  A phantom (D:5)
  Blork the orc (D:6)
  8 bullfrogs
  A kobold brigand (D:8)
  4 scorpions (D:5)
  4 wights (D:6)
  2 electric eels (D:8)
  2 howler monkeys (D:7)
  8 hounds
  An orc priest (D:3)
  A gnoll bouda (D:8)
  A jelly (D:6)
  2 sleepcaps (D:6)
  Natasha (thrice) (D:3)
  Terence (D:3)
  4 iguanas
  15 orc wizards
  3 gnolls (D:8)
  3 adders
  A shadow imp (D:5)
  4 white imps
  6 ufetubi
  3 worms
  4 dart slugs
  28 orcs
  10 bats
  4 endoplasms (D:2)
  4 giant cockroaches
  6 hobgoblins
  4 jackals
  3 quokkas (D:3)
  4 ball pythons
  3 frilled lizards
  11 goblins
  13 kobolds
  3 rats
224 creatures vanquished.

Vanquished Creatures (others)
  An ufetubus (D:8)
  An orc (D:8)
2 creatures vanquished.

Grand Total: 226 creatures vanquished

Notes
Turn   | Place    | Note
-------+----------+-------------------------------------------
     0 | D:1      | holysushi the Tengu Air Elementalist began the quest for
                  | the Orb.
     0 | D:1      | Reached XP level 1. HP: 10/10 MP: 4/4
   411 | D:1      | Reached XP level 2. HP: 15/15 MP: 1/6
  1086 | D:2      | Reached skill level 1 in Fighting
  1086 | D:2      | Reached XP level 3. HP: 18/20 MP: 3/7
  1871 | D:2      | Reached XP level 4. HP: 26/26 MP: 0/8
  1948 | D:2      | Found a faded altar of an unknown god.
  2204 | D:3      | Learned a level 2 spell: Static Discharge
  2645 | D:3      | Gained mutation: Your magical nature lets you fly swiftly
                  | and evasively. [Tengu growth]
  2645 | D:3      | Reached XP level 5. HP: 13/30 MP: 3/9
  2718 | D:3      | Noticed Natasha
  2758 | D:3      | Killed Natasha
  2818 | D:2      | Learned a level 4 spell: Airstrike
  2991 | D:3      | Noticed Natasha
  2999 | D:3      | Killed Natasha
  3000 | D:3      | Reached skill level 5 in Dodging
  3168 | D:3      | Noticed Terence
  3189 | D:3      | Killed Terence
  3190 | D:3      | Reached skill level 5 in Air Magic
  3441 | D:3      | Reached XP level 6. HP: 35/35 MP: 4/10
  3587 | D:3      | Noticed Natasha
  3591 | D:3      | Killed Natasha
  4056 | D:4      | Noticed Eustachio
  4088 | D:4      | Killed Eustachio
  4089 | D:4      | Reached skill level 1 in Evocations
  4089 | D:4      | Reached XP level 7. HP: 18/40 MP: 5/11
  4548 | D:5      | Entered Level 5 of the Dungeon
  4662 | D:5      | Identified the +1 leather armour "Nevynyl" {rC- Int+7}
  4740 | D:5      | Found Roduruj Ekli's Book Emporium.
  5144 | D:5      | Found a staircase to the Ecumenical Temple.
  5153 | D:5      | Reached XP level 8. HP: 41/44 MP: 5/12
  5170 | Temple   | Entered the Ecumenical Temple
  5259 | Temple   | Became a worshipper of Warmaster Okawaru
  5624 | D:5      | Found a glowing golden altar of the Shining One.
  5677 | D:6      | Identified a scroll of acquirement
  5677 | D:6      | Acquired the +27 heavy crossbow "Sniper" {heavy, Acc+∞
                  | SInv}
  5677 | D:6      | Found the +27 heavy crossbow "Sniper" {heavy, Acc+∞ SInv}
  6021 | D:6      | Noticed Blork the orc
  6022 | D:6      | Killed Blork the orc
  6103 | D:6      | Reached * piety under Okawaru
  6502 | D:6      | Reached skill level 1 in Ranged Weapons
  6502 | D:6      | Reached XP level 9. HP: 48/48 MP: 13/13
  6649 | D:6      | Reached skill level 2 in Ranged Weapons
  6774 | D:6      | Reached skill level 3 in Ranged Weapons
  7078 | D:7      | Noticed a hornet
  7082 | D:7      | Killed a hornet
  7082 | D:7      | Reached ** piety under Okawaru
  7083 | D:7      | Reached skill level 4 in Ranged Weapons
  7159 | D:7      | Reached skill level 5 in Ranged Weapons
  7679 | D:7      | Reached skill level 6 in Ranged Weapons
  7848 | D:8      | Noticed an ice devil
  7848 | D:8      | Noticed an ice devil
  8109 | D:8      | Noticed a rime drake
  8109 | D:8      | Noticed Pikel
  8332 | D:8      | Killed Pikel
  8332 | D:8      | Reached *** piety under Okawaru
  8333 | D:8      | Reached skill level 8 in Ranged Weapons
  8457 | D:8      | Killed a rime drake
  8458 | D:8      | Reached skill level 9 in Ranged Weapons
  8458 | D:8      | Reached XP level 10. HP: 53/53 MP: 8/14
  8552 | D:8      | Reached skill level 10 in Ranged Weapons
  8563 | D:8      | Found a staircase to the Lair.
  8616 | D:8      | Reached **** piety under Okawaru
  9125 | D:8      | You are sucked into a shaft and drop 1 floor!
  9288 | D:8      | Noticed an ice statue
  9647 | D:8      | Reached skill level 11 in Ranged Weapons
  9657 | D:8      | Reached skill level 12 in Ranged Weapons
  9658 | D:8      | Reached ***** piety under Okawaru
  9662 | D:8      | Killed an ice statue
 10090 | Lair:1   | Entered Level 1 of the Lair of Beasts
 10110 | Lair:1   | Reached skill level 13 in Ranged Weapons
 10110 | Lair:1   | Reached XP level 11. HP: 57/57 MP: 15/15
 10122 | Lair:1   | Reached skill level 1 in Invocations
 10717 | Lair:1   | Found a runed translucent gate.
 10717 | Lair:1   | Found a runed translucent gate.
 10722 | Lair:1   | Found a runed translucent gate.
 10729 | Lair:1   | Noticed a minotaur
 10730 | Lair:1   | Reached ****** piety under Okawaru
 10747 | Lair:1   | Found the +8 storm bow {elec, penet}
 10749 | Lair:1   | Noticed Jovyluot's ghost (journeyman HOFi)
 10754 | Lair:1   | Reached skill level 14 in Ranged Weapons
 10821 | Lair:1   | Received a gift from Okawaru
 11099 | Lair:1   | Learned a level 3 spell: Mephitic Cloud
 11156 | Lair:1   | Found a runed translucent gate.
 11156 | Lair:1   | Found a runed translucent gate.
 11156 | Lair:1   | Found a runed translucent gate.
 11156 | Lair:1   | Found a runed translucent gate.
 11156 | Lair:1   | Found a runed translucent gate.
 11156 | Lair:1   | Found a runed translucent gate.
 11156 | Lair:1   | Noticed a boulder beetle
 11156 | Lair:1   | Noticed a wolf spider
 11156 | Lair:1   | Noticed a lindwurm
 11156 | Lair:1   | Noticed a lindwurm
 11159 | Lair:1   | Killed from afar by a lindwurm

Illustrated notes

Levels and vault maps discovered:
D:1:      dpeg_arrival_pits, layout_basic
D:2:      layout_loops_ring, shapermc_ecumenical_altar_hornbeckon
D:3:      kennysheep_six_static_rooms, layout_basic, minmay_pentomino_pile,
          uniq_natasha, uniq_terence
D:4:      layout_loops_ring, uniq_eustachio
D:5:      layout_gridville, lemuel_tele_altar, minmay_temple_entry_hall,
          serial_shops, nicolae_shop_back_alley_shop
D:6:      layout_basic, uniq_blork_the_orc
D:7:      minmay_flawed_box, layout_basic
D:8:      cheibrodos_frozen_isle, layout_basic, hellmonk_lair_entry_icy,
          serial_bayou_pond_b, uniq_pikel
D:9:      layout_loops_ring, nzn_overflow_gifts_of_might_and_magic,
          gammafunk_temple_overflow_statue, serial_ice, serial_ice_b,
          serial_ice_o, serial_ice_n, serial_ice_i
Temple:   eino_wide_crystal_templ
Lair:1:   gammafunk_indiana_jones, layout_chaotic_city,
          maelrawn_ghost_gauntlet_escape

Skill      XL: |  1  2  3  4  5  6  7  8  9 10 11 |
---------------+----------------------------------+-----
Conjurations   | 2 3 |  3.0
Fighting       | 1 2 |  2.0
Dodging        | 3 4 5 8 |  8.8
Air Magic      | 5 6 8 |  8.4
Staves         | 2 4 |  4.0
Evocations     | 1 2 |  2.0
Ranged Weapons | 1 9 13 14 | 14.0
Invocations    | 4 |  4.5
Stealth        | |  2.0
Spellcasting   | |  2.0

Action                     |  1- 3 |  4- 6 |  7- 9 | 10-12 || total
---------------------------+-------+-------+-------+-------++-------
  Melee: Unarmed           |    11 |    13 |       |       ||    24
         Kick              |     1 |     3 |     4 |       ||     8
         Peck              |     1 |     3 |     2 |       ||     6
         Hand axe          |       |     6 |       |       ||     6
         Staff             |       |     2 |    18 |       ||    20
   Fire: Heavy crossbow    |       |       |    55 |    80 ||   135
   Cast: Shock             |    64 |   104 |    51 |     7 ||   226
         Static Discharge  |       |    15 |     9 |       ||    24
         Airstrike         |       |       |    18 |     6 ||    24
    Use: Scroll            |       |       |    13 |     9 ||    22
         Potion            |       |       |       |     2 ||     2
   Stab: Sleeping          |       |       |     1 |       ||     1
 Armour: Robe              |    12 |     7 |       |     1 ||    20
         Leather armour    |       |       |     8 |     6 ||    14
  Dodge: Dodged            |    21 |    38 |    45 |    45 ||   149

Table legend: (Time is in decaauts)
 A = Elapsed time spent in this place.
 B = Non-inter-level travel time spent in this place.
 C = Inter-level travel time spent in this place.
 D = Time resting spent in this place.
 E = Time spent auto-exploring this place.
 F = Levels seen in this place.
 G = Mean time per level.
                   A        B        C        D        E       F      G
               +--------+--------+--------+--------+--------+-----+--------+
         Total |  10996 |  10641 |    355 |   3084 |   5403 |  11 |  999.6 |
       Dungeon |   9850 |   9519 |    331 |   2784 |   4884 |   9 | 1094.4 |
        Temple |     92 |     84 |      8 |      0 |     29 |   1 |   92.0 |
          Lair |   1052 |   1037 |     15 |    300 |    489 |   1 | 1052.0 |
               +--------+--------+--------+--------+--------+-----+--------+

Top non-repeatable levels by time:
     D:8: 2199 daAuts
     D:2: 1384 daAuts
     D:3: 1355 daAuts
     D:6: 1204 daAuts
     D:5: 1075 daAuts
  Lair:1: 1052 daAuts
     D:1: 997 daAuts
     D:7: 755 daAuts
     D:4: 734 daAuts
     D:9: 143 daAuts
  Temple: 92 daAuts
